 Dungeon Crawl Stone Soup version 0.28.0 (webtiles) character file.

Game seed: 6543951765806651399

79317 danielguo94 the Bludgeoner (level 15, -2/95 HPs)
             Began as a Gargoyle Fighter on Feb 6, 2022.
             Was the Champion of the Shining One.
             Slain by an orc warrior (27 damage)
             ... on level 2 of the Orcish Mines.
             The game lasted 00:33:35 (18598 turns).

danielguo94 the Bludgeoner (Gargoyle Fighter)      Turns: 18598, Time: 00:33:35

Health: -2/95      AC: 38    Str: 24    XL:     15   Next: 63%
Magic:  21/23      EV: 15    Int: 10    God:    the Shining One [******]
Gold:   2148       SH: 11    Dex: 11    Spells: 14/14 levels left

rFire   + . .      SeeInvis .   Y - +1 eveningstar (protect)
rCold   . . .      Faith    .   s - +0 kite shield
rNeg    + + +      Spirit   .   Z - +3 scale mail {rF+}
rPois   ∞          Reflect  .   c - +2 helmet
rElec   +          Harm     .   M - +0 cloak
rCorr   .          Rampage  .   u - +0 pair of gloves
Will    +....                   N - +0 pair of boots
Stlth   ..........              i - amulet "Cais" {Acrobat rElec Regen+}
HPRegen 1.05/turn               f - +4 ring of slaying
MPRegen 0.18/turn               b - +4 ring of evasion

@: about to teleport, under a protective aura, flying, glowing
A: sickness immunity, AC +11, big wings, negative energy resistance 1,
electricity resistance, torment resistance 1, petrification resistance
a: Renounce Religion, Divine Shield, Cleansing Flame, Summon Divine Warrior,
Brand Weapon With Holy Wrath


You were on level 2 of the Orcish Mines.
You worshipped the Shining One.
The Shining One was exalted by your worship.
You visited 4 branches of the dungeon, and saw 22 of its levels.
You also visited: Bailey and Ice Cave.

You collected 2148 gold pieces.

Inventory:

Hand Weapons
 Y - a +1 eveningstar of protection (weapon)
Missiles
 k - 9 javelins (quivered)
 l - 39 poisoned darts
 t - 3 silver javelins
 x - 6 curare-tipped darts
 F - 5 throwing nets
 V - 6 atropa-tipped darts
Armour
 c - a +2 helmet (worn)
 s - a +0 kite shield (worn)
 u - a +0 pair of gloves (worn)
 M - a +0 cloak (worn)
 N - a +0 pair of boots (worn)
 Z - a +3 scale mail of fire resistance (worn)
Jewellery
 b - a +4 ring of evasion (right hand)
 f - a +4 ring of slaying (left hand)
 g - a ring of fire
 i - the amulet "Cais" (around neck) {Acrobat rElec Regen+}
   (You found it in an ice cave)

   [amulet of the acrobat]

   It increases your evasion while moving and waiting.
   rElec:     It insulates you from electricity.
   Regen:     It increases your rate of health regeneration.
 n - a ring of magical power
 T - an amulet of reflection
Wands
 G - a wand of polymorph (2)
 I - a wand of digging (6)
 K - a wand of paralysis (10)
 R - a wand of iceblast (13)
 U - a wand of mindburst (8)
 X - a wand of acid (7)
Scrolls
 e - 6 scrolls of teleportation
 j - 6 scrolls of fog
 p - a scroll of holy word
 r - 4 scrolls of silence
 y - 2 scrolls of enchant armour {unknown}
 z - a scroll of torment {unknown}
 A - a scroll of acquirement {unknown}
 L - 4 scrolls of brand weapon
 P - 2 scrolls of immolation
 Q - a scroll of magic mapping
 S - a scroll of fear
 W - a scroll of blinking {unknown}
Potions
 a - a potion of attraction {unknown}
 d - 5 potions of might
 m - a potion of berserk rage {unknown}
 o - 5 potions of curing
 q - a potion of heal wounds
 v - a potion of magic {unknown}
 w - 2 potions of mutation
 B - 3 potions of lignification
 C - a potion of flight {unknown}
 D - 4 potions of resistance
 E - 2 potions of experience
 H - 2 potions of ambrosia
 O - a potion of cancellation {unknown}


   Skills:
 + Level 11.6 Fighting
 + Level 2.3(10.5) Axes
 * Level 17.1(17.2) Maces & Flails
 + Level 2.3 Throwing
 + Level 11.2 Armour
 + Level 5.4 Dodging
 + Level 12.2 Shields
 * Level 10.9 Invocations
 + Level 2.3 Evocations


You had 14 spell levels left.
You didn't know any spells.
Your spell library contained the following spells:

 Spells                   Type           Power      Damage    Failure   Level
 Animate Skeleton         Necr           0%         N/A       83%         1
 Pain                     Necr           0%         1d4       83%         1
 Shock                    Conj/Air       0%         1d3       83%         1
 Slow                     Hex            0%         N/A       83%         1
 Blink                    Tloc           0%         N/A       93%         2
 Corpse Rot               Necr/Air       0%         N/A       93%         2
 Scorch                   Fire           0%         2d5       93%         2
 Wereblood                Tmut           0%         N/A       93%         2
 Confusing Touch          Hex            0%         N/A       99%         3
 Lesser Beckoning         Tloc           0%         N/A       99%         3
 Ozocubu's Armour         Ice            0%         N/A       99%         3
 Portal Projectile        Hex/Tloc       0%         N/A       99%         3
 Vampiric Draining        Necr           0%         2d6       99%         3
 Dispel Undead            Necr           0%         3d6       100%        4
 Flame Wave               Conj/Fire      0%         2d4       100%        4
 Petrify                  Tmut/Erth      0%         N/A       100%        4
 Blade Hands              Tmut           0%         N/A       100%        5
 Excruciating Wounds      Necr           0%         N/A       100%        5
 Irradiate                Conj/Tmut      0%         3d14      100%        5
 Lightning Bolt           Conj/Air       0%         1d11      100%        5
 Manifold Assault         Tloc           0%         N/A       100%        5
 Death Channel            Necr           0%         N/A       100%        6
 Summon Cactus Giant      Summ           0%         N/A       100%        6
 Ozocubu's Refrigeration  Ice            0%         4d5       100%        7
 Summon Hydra             Summ           0%         N/A       100%        7
 Sublimation of Blood     Necr           Unusable   N/A       N/A         2

Dungeon Overview and Level Annotations

Branches:
Dungeon (13/15)            Temple (1/1) D:5            Lair (6/6) D:8
 Shoals (0/4) Lair:3        Snake (0/4) Lair:4        Slime (0/5) Lair:5
    Orc (2/2) D:11            Elf (0/3) Orc:2        Vaults (0/5) D:13
 Bailey (visited)           IceCv (visited)

Altars:
Ashenzari
Dithmenos
Elyvilon
Fedhas
Gozag
Hepliaklqana
Kikubaaqudgha
Nemelex Xobeh
Okawaru
Ru
Sif Muna
Trog
Uskayaw
Wu Jian
Xom
Yredelemnul
Zin
The Shining One
Lugonu

Shops:
D:8 (   Orc:2 =

Annotations:
Orc:2 Jorgrun, Maurice


Innate Abilities, Weirdness & Mutations

You are immune to sickness and miasma.
Your stone body is resilient. (AC +11)
You are immune to poison.
Your large and strong wings let you fly.
You resist negative energy. (rN+)
You are resistant to electric shocks. (rElec)
You are resistant to unholy torment.
You are immune to petrification.


Message History

You hear a shout!
You impale the orc priest!!
You kill the orc priest!
The Shining One accepts your kill.
You feel better.
You feel your power returning. The troll bites you.
* * * LOW HITPOINT WARNING * * *
You block the troll's attack. x2
You puncture the orc warrior!
The orc warrior is moderately wounded.
An orc warrior comes into view. It is wielding a +0 hand axe.
You block the orc warrior's attack.
The orc knight roars a battlecry!
The troll closely misses you. The troll barely misses you.
The troll closely misses you.
Unknown command.
You are too injured to fight recklessly!
You completely miss the orc warrior.
The orc warrior is moderately wounded.
The orc knight roars a battlecry!
The orc warrior barely misses you. The troll closely misses you.
You block the troll's attack. x2
You hit the orc warrior.
The orc warrior is heavily wounded.
The orc warrior hits you with a +1 scimitar of electrocution!
* * * LOW HITPOINT WARNING * * *
An orc warrior comes into view. It is wielding a +0 hand axe.
You block the orc warrior's attack.
You hear a grinding noise.
The troll bites you but does no damage. The troll barely misses you.
The troll claws you but does no damage.
As you read the scroll of teleportation, it crumbles to dust.
You feel strangely unstable. The orc warrior completely misses you.
You block the orc warrior's attack. You block the troll's attack.
The troll barely misses you. The troll claws you.
* * * LOW HITPOINT WARNING * * *
Unknown command.
Unknown command.
You feel better.
The orc warrior hits you with a +1 scimitar of electrocution!!
You die...

##..##...P..P.
.............
.oo..P......
#o..........
#.........∩.
#.o..PP.....
#.#).......
##o........
#@oh.o.....
##T........
#.#...o...
...#o.....
##......#>.
...#......
......... $...
....


You could see an orc knight, a troll, a warg and 4 orc warriors.

Vanquished Creatures
  Nessos (Orc:2)
  A fire dragon (Lair:6)
  An ice dragon (IceCv)
  A boulder beetle (D:11)
  3 catoblepae
  2 centaur warriors (D:13)
  10 hydras
  Erica (Orc:1)
  A death knight (D:12)
  3 two-headed ogres
  2 tengu warriors (D:12)
  Urug (D:11)
  8 death yaks
  2 skeletal warriors
  A lindwurm (Lair:6)
  Pikel (D:4)
  3 cyclopes (D:11)
  2 orc knights
  An ugly thing (D:13)
  An orc sorcerer (Orc:1)
  5 black mambas
  4 elephants (Lair:5)
  2 centaur zombies
  2 ice statues (IceCv)
  2 molten gargoyles (Lair:6)
  13 cane toads
  A cane toad (shapeshifter) (D:13)
  A torpor snail (Lair:5)
  Maggie (D:10)
  10 rime drakes
  13 komodo dragons
  A freezing wraith (D:12)
  3 kobold demonologists (D:13)
  4 polar bears
  7 trolls
  A hornet (shapeshifter) (D:13)
  The ghost of Kranky the Quickloader, an amateur GnWn of Okawaru (D:5)
  5 slime creatures (D:12)
  20 blink frogs
  7 dream sheep
  2 meliai zombies
  A snapping turtle (Lair:3)
  36 yaks
  4 wraiths
  3 wyverns
  6 basilisks
  3 steam dragons
  10 vampire mosquitoes
  2 wargs (Orc:1)
  An acid dragon (D:10)
  21 water moccasins
  3 hell hounds (Lair:6)
  15 orc warriors
  2 ice beasts
  6 black bears
  A boggart (D:13)
  A sky beast (D:6)
  12 centaurs
  9 ogres
  22 wolves
  A lemure (D:3)
  8 phantoms
  6 kobold brigands
  12 bullfrogs
  A gnoll sergeant (D:9)
  3 scorpions
  A water moccasin zombie (D:5)
  A troll zombie (D:11)
  12 killer bees
  5 lindwurm simulacra (IceCv)
  5 wights
  2 electric eels
  3 howler monkeys
  A bullfrog zombie (D:6)
  5 lava snakes (Lair:6)
  3 hounds
  3 jellies
  8 komodo dragon simulacra (IceCv)
  19 orc priests
  A gnoll shaman (D:6)
  Jessica (D:3)
  A bullfrog skeleton (D:5)
  5 centaur skeletons
  Natasha (twice) (D:4)
  4 iguanas
  17 orc wizards
  5 ogre zombies (D:11)
  2 hound skeletons (D:5)
  A howler monkey zombie (D:6)
  Robin (D:4)
  5 acid dragon simulacra (IceCv)
  7 adders
  21 gnolls
  3 white imps
  3 steam dragon simulacra (IceCv)
  3 worms
  4 dart slugs
  74 orcs
  5 bats
  13 endoplasms
  2 giant cockroaches (D:3)
  15 goblins
  8 hobgoblins
  3 jackals
  21 kobolds
  3 quokkas
  8 ball pythons
  2 frilled lizards
  A goblin skeleton (D:11)
  3 goblin zombies (D:11)
  2 hobgoblin zombies (D:11)
  3 orc skeletons (D:11)
  10 orc zombies (D:11)
  7 rats
674 creatures vanquished.

Vanquished Creatures (others)
  2 orcs (Orc:2)
  A bush (Lair:6)
  45 fungi
  48 plants
96 creatures vanquished.

Grand Total: 770 creatures vanquished

Notes
Turn   | Place    | Note
-------+----------+-------------------------------------------
     0 | D:1      | danielguo94 the Gargoyle Fighter began the quest for the
                  | Orb.
     0 | D:1      | Reached XP level 1. HP: 14/14 MP: 1/1
   267 | D:1      | Reached XP level 2. HP: 17/19 MP: 2/2
   385 | D:1      | Found a faded altar of an unknown god.
   795 | D:2      | Reached XP level 3. HP: 23/23 MP: 3/3
  1039 | D:2      | Reached skill level 3 in Maces & Flails
  1341 | D:2      | Reached XP level 4. HP: 28/28 MP: 4/4
  1509 | D:3      | Noticed Jessica
  1515 | D:3      | Killed Jessica
  1766 | D:3      | Reached skill level 4 in Maces & Flails
  2116 | D:3      | Found a white marble altar of Elyvilon.
  2172 | D:4      | Reached XP level 5. HP: 27/33 MP: 5/5
  2191 | D:4      | Noticed a lemure
  2191 | D:4      | Noticed a lemure
  2191 | D:4      | Noticed Pikel
  2197 | D:4      | Noticed a lemure
  2224 | D:4      | Noticed an ogre
  2230 | D:3      | Killed a lemure
  2286 | D:4      | Noticed Robin
  2312 | D:4      | Killed Robin
  2391 | D:4      | Noticed a phantom
  2411 | D:4      | Killed a phantom
  2412 | D:4      | Reached XP level 6. HP: 36/38 MP: 6/6
  2439 | D:4      | Reached skill level 5 in Maces & Flails
  2482 | D:4      | Reached skill level 1 in Dodging
  2536 | D:4      | Noticed Natasha
  2540 | D:4      | Killed Natasha
  2729 | D:4      | Killed Pikel
  2730 | D:4      | Reached skill level 6 in Maces & Flails
  2730 | D:4      | Reached skill level 5 in Armour
  2730 | D:4      | Reached XP level 7. HP: 33/44 MP: 7/7
  2730 | D:4      | Reached XP level 8. HP: 36/48 MP: 8/8
  2822 | D:4      | Noticed Natasha
  2832 | D:4      | Killed Natasha
  3075 | D:5      | Entered Level 5 of the Dungeon
  3075 | D:5      | Noticed Kranky's ghost (amateur GnWn)
  3075 | D:5      | Found a runed translucent gate.
  3075 | D:5      | Found a runed translucent gate.
  3075 | D:5      | Found a runed translucent gate.
  3120 | D:5      | Reached skill level 7 in Maces & Flails
  3162 | D:5      | Reached skill level 5 in Shields
  3218 | D:5      | Found a staircase to the Ecumenical Temple.
  3224 | D:5      | Reached skill level 8 in Maces & Flails
  3238 | Temple   | Entered the Ecumenical Temple
  3296 | Temple   | Became a worshipper of the Shining One
  3371 | D:5      | Reached skill level 5 in Fighting
  3416 | D:5      | Reached XP level 9. HP: 54/54 MP: 9/9
  3933 | D:5      | Reached skill level 9 in Maces & Flails
  3937 | D:5      | Killed Kranky's ghost
  4239 | D:6      | Found an ancient bone altar of Kikubaaqudgha.
  4258 | D:6      | Found a bloodstained altar of Trog.
  4258 | D:6      | Reached * piety under the Shining One
  4290 | D:6      | Reached skill level 10 in Maces & Flails
  4290 | D:6      | Reached skill level 1 in Invocations
  4304 | D:6      | Found a shimmering altar of Xom.
  4315 | D:6      | Got the Collected Works on the Birds and Black Rites
  4811 | D:7      | Reached XP level 10. HP: 60/60 MP: 11/11
  4879 | D:7      | Found a flagged portal.
  4938 | Bailey   | Entered a bailey
  5140 | Bailey   | Noticed an orc knight
  5153 | Bailey   | Killed an orc knight
  5154 | Bailey   | Reached skill level 11 in Maces & Flails
  5505 | D:7      | Reached skill level 5 in Invocations
  5505 | D:7      | Reached XP level 11. HP: 63/67 MP: 12/15
  5737 | D:8      | Reached skill level 12 in Maces & Flails
  5786 | D:8      | Found a staircase to the Lair.
  5796 | D:8      | Reached ** piety under the Shining One
  5919 | D:8      | Found Bogashri's Weapon Shoppe.
  6021 | D:8      | Found an opulent altar of Gozag.
  6130 | D:8      | Found a blossoming altar of Fedhas.
  6466 | Lair:1   | Entered Level 1 of the Lair of Beasts
  6548 | Lair:1   | Noticed a five-headed hydra
  6555 | Lair:1   | Killed a five-headed hydra
  7372 | Lair:2   | Reached XP level 12. HP: 72/72 MP: 16/16
  7519 | Lair:2   | Reached skill level 13 in Maces & Flails
  7996 | Lair:3   | Noticed a seven-headed hydra
  8019 | Lair:3   | Killed a seven-headed hydra
  8187 | Lair:3   | Found a staircase to the Shoals.
  8340 | Lair:3   | Noticed a death yak
  8340 | Lair:3   | Noticed a death yak
  8389 | Lair:3   | Noticed a death yak
  8555 | Lair:3   | Killed a death yak
  8568 | Lair:3   | Killed a death yak
  8586 | Lair:3   | Killed a death yak
  8587 | Lair:3   | Reached skill level 14 in Maces & Flails
  9094 | Lair:4   | Noticed a catoblepas
  9165 | Lair:4   | Reached *** piety under the Shining One
  9217 | Lair:3   | Reached XP level 13. HP: 67/78 MP: 18/18
  9411 | Lair:4   | Found a staircase to the Snake Pit.
 10126 | Lair:5   | Found a staircase to the Slime Pits.
 10726 | Lair:5   | Reached skill level 10 in Armour
 10776 | Lair:5   | Reached skill level 10 in Shields
 10915 | Lair:5   | Reached skill level 15 in Maces & Flails
 11170 | Lair:6   | Entered Level 6 of the Lair of Beasts
 11377 | Lair:6   | Gained mutation: Your large and strong wings let you fly.
                  | [Gargoyle growth]
 11377 | Lair:6   | Reached XP level 14. HP: 31/86 MP: 20/20
 11663 | Lair:6   | Found a hazy altar of Hepliaklqana.
 11710 | Lair:6   | Reached **** piety under the Shining One
 11910 | Lair:6   | Found a large runed translucent door.
 11910 | Lair:6   | Found a large runed translucent door.
 11989 | Lair:6   | Reached skill level 10 in Fighting
 13574 | D:10     | Entered Level 10 of the Dungeon
 13606 | D:10     | Reached ***** piety under the Shining One
 13613 | D:10     | Reached skill level 16 in Maces & Flails
 13648 | D:10     | Identified the amulet of Lies {Faith Will++ Int+2}
 13886 | D:10     | Found an iron altar of Okawaru.
 14006 | D:10     | Found a sparkling altar of Nemelex Xobeh.
 14006 | D:10     | Found a transporter.
 14318 | D:10     | Noticed Maggie
 14326 | D:10     | Killed Maggie
 14327 | D:10     | Reached skill level 10 in Invocations
 14543 | D:11     | Noticed Urug
 14554 | D:11     | Killed Urug
 15256 | D:11     | Reached ****** piety under the Shining One
 15283 | D:11     | Found a staircase to the Orcish Mines.
 15848 | D:12     | Reached XP level 15. HP: 93/93 MP: 22/22
 16110 | D:12     | Reached skill level 5 in Dodging
 16461 | D:13     | Identified the +5 quarterstaff "Cis Voytwu" {elec, *Rage
                  | *Noise Will+ Int+8}
 16552 | D:13     | Found a gate to the Vaults.
 16607 | D:13     | Found a corrupted altar of Lugonu.
 17415 | Orc:1    | Entered Level 1 of the Orcish Mines
 17531 | Orc:1    | Noticed Erica
 17545 | Orc:1    | Killed Erica
 17679 | Orc:1    | Found a frozen archway.
 17946 | IceCv    | Entered an ice cave
 18045 | IceCv    | Reached skill level 17 in Maces & Flails
 18287 | IceCv    | Identified the amulet "Cais" {Acrobat rElec Regen+}
 18445 | Orc:2    | Entered Level 2 of the Orcish Mines
 18445 | Orc:2    | Noticed Jorgrun
 18527 | Orc:2    | Noticed Nessos
 18556 | Orc:2    | Killed Nessos
 18575 | Orc:2    | Noticed Maurice
 18584 | Orc:2    | Found Naebbico's Jewellery Shop.
 18584 | Orc:2    | Found a staircase to the Elven Halls.
 18598 | Orc:2    | Slain by an orc warrior

Illustrated notes

Levels and vault maps discovered:
D:1:      tarquinn_simple_flora_water_f, layout_basic,
          shapermc_ecumenical_altar_mp_urbaneastern, serial_rivers,
          chequers_serial_rivers_micro_a, chequers_serial_rivers_micro_e,
          chequers_serial_rivers_micro_c, chequers_serial_rivers_micro_e
D:2:      minmay_diamond_boxcup, layout_loops_ring
D:3:      layout_loops_ring, nicolae_elyvilon_temple_path, uniq_jessica
D:4:      layout_loops_cross, uniq_robin, uniq_pikel, uniq_natasha
D:5:      layout_loops_ring, minmay_temple_entry_wispy,
          gammafunk_ghost_nasty_kobolds, minmay_misc_feat_enclosed,
          minmay_hedge_maze, amcnicky_mini_pool_medium
D:6:      layout_basic, overflow_temple_1_default, trog_ov_bears_minmay,
          overflow_temple_1_default
D:7:      layout_cave_pools, serial_column_ruins, column_ruins_courtyard_long,
          column_ruins_hut, column_ruins_columns_plus,
          column_ruins_columns_straight, column_ruins_columns_straight,
          column_ruins_grid_1, column_ruins_grid_1, column_ruins_open_tiny,
          enter_bailey_6
D:8:      layout_loops_ring, grunt_gozag_statues, fedhas_altar_1,
          due_lair_maze_entry_diamond, serial_shops, nicolae_diamond_shop
D:9:      layout_basic
D:10:     layout_loops_corners, okawaru_altar_gauntlet_db,
          grunt_nemelex_the_gamble, corner_web_ring, uniq_maggie
D:11:     layout_roguey, zombieorc1_lemuel, uniq_urug
D:12:     layout_gridville, hangedman_abyss_or_decor_lesser_grid
D:13:     kennysheep_kobold_lugonu_temple, layout_grid_maze,
          hangedman_vaults_entry_quadrant_bands, vehumet_altar_wand_db
Temple:   jpeg_temple_clearing
Lair:1:   layout_cave_pods
Lair:2:   layout_concentric_octagons
Lair:3:   layout_hall_layers, minmay_shoals_entry_hut, serial_bayou_shore_b,
          grunt_megastairs_4
Lair:4:   layout_cave_shapes, dummy_snake_entry
Lair:5:   wander_river, layout_layer_cave, slime_dummy
Lair:6:   cheibrodos_lair_end_hotspot, layout_regular_city, basic_altar,
          gammafunk_lair_bear_cave
Orc:1:    layout_caves, portal_ice_cave_entry_pillars_2,
          nicolae_orc_sculptors_studio, uniq_erica
Orc:2:    grunt_orc_gardens, layout_caves, grunt_orc_garden, grunt_orc_garden,
          grunt_orc_garden, grunt_orc_garden, uniq_jorgrun, uniq_nessos,
          uniq_maurice

Skill      XL: |  1  2  3  4  5  6  7  8  9 10 11 12 13 14 15 |
---------------+----------------------------------------------+-----
Maces & Flails | 3 4 6 8 10 11 12 14 15 16 17 | 17.1
Armour         | 4 5 6 7 8 9 10 11 | 11.2
Dodging        | 1 2 3 4 5 |  5.4
Shields        | 4 5 7 8 10 11 12 | 12.2
Fighting       | 4 5 7 8 9 10 11 | 11.6
Invocations    | 2 5 6 7 9 10 | 10.9
Axes           | 2 |  2.3
Throwing       | 2 |  2.3
Evocations     | 2 |  2.3

Action                   |  1- 3 |  4- 6 |  7- 9 | 10-12 | 13-15 || total
-------------------------+-------+-------+-------+-------+-------++-------
Melee: Flail             |   102 |   227 |   258 |   622 |   847 ||  2056
       Eveningstar       |       |       |       |       |   616 ||   616
       Morningstar       |       |       |       |       |   129 ||   129
Invok: Cleansing Flame   |       |       |       |       |     3 ||     3
  Use: Scroll            |     2 |     4 |       |     3 |    15 ||    24
       Potion            |       |       |       |     3 |    11 ||    14
Armor: Scale mail        |    49 |   125 |     8 |       |   305 ||   487
       Chain mail        |       |       |   102 |   287 |   455 ||   844
Dodge: Dodged            |    53 |    72 |   106 |   270 |   743 ||  1244
Block: Buckler           |    31 |     8 |       |       |       ||    39
       Kite shield       |       |    74 |   109 |   306 |   943 ||  1432
